 Dungeon Crawl Stone Soup version 0.27-a0-1219-g958d993ae5 (webtiles) character file.

Game seed: 12380405821641318277

103 Gwenloh the Grave Robber (level 4, -1/33 HPs)
             Began as a Hill Orc Necromancer on June 6, 2021.
             Killed from afar by Sigmund (7 damage)
             ... with a puff of flame
             ... on level 3 of the Dungeon.
             The game lasted 00:08:47 (3298 turns).

Gwenloh the Grave Robber (Hill Orc Necromancer)     Turns: 3298, Time: 00:08:48

Health: -1/33      AC:  2    Str: 12    XL:     4   Next: 79%
Magic:  0/6        EV: 12    Int: 18    God:
Gold:   110        SH:  0    Dex: 11    Spells: 2/6 levels left

rFire    . . .     SeeInvis .   d - staff of death
rCold    . . .     Faith    .   (no shield)
rNeg     + . .     Spirit   .   a - +0 robe
rPois    .         Reflect  .   (no helmet)
rElec    .         Harm     .   (no cloak)
rCorr    .         Rampage  .   (no gloves)
Will     .....                  (no boots)
Stlth    ++........             (no amulet)
HPRegen  0.00/turn              (no ring)
MPRegen  0.10/turn              (no ring)

@: no status effects
A: clever 1, inhibited regeneration, strong 1, MP-powered wands
a: no special abilities


You were on level 3 of the Dungeon.
You visited 1 branch of the dungeon, and saw 3 of its levels.

You collected 110 gold pieces.

Inventory:

Missiles
 c - 76 stones (quivered)
Armour
 a - a +0 robe (worn)
 l - a +0 leather armour
Magical Staves
 d - a staff of death (weapon)
Jewellery
 h - a ring of flight
 q - a ring of protection from cold
Wands
 j - a wand of polymorph (7)
Scrolls
 e - 3 scrolls of vulnerability {unknown}
 f - 4 scrolls of identify {unknown}
 g - a scroll of enchant weapon {unknown}
 k - 3 scrolls of teleportation {unknown}
 o - a scroll of amnesia {unknown}
 p - a scroll of noise {unknown}
Potions
 b - 2 potions of curing
 i - a potion of invisibility {unknown}
 m - 2 potions of flight {unknown}
 n - a potion of mutation


   Skills:
 - Level 1.5 Dodging
 - Level 1.5 Stealth
 - Level 1.5 Spellcasting
 + Level 6.0 Necromancy


You had 2 spell levels left.
You knew the following spells:

 Your Spells              Type           Power      Damage    Failure   Level
a - Pain                  Necr           100%       1d9       1%          1
b - Vampiric Draining     Necr           17%        2d8       4%          3

Your spell library contained the following spells:

 Spells                   Type           Power      Damage    Failure   Level
 Animate Skeleton         Necr           68%        N/A       1%          1
 Apportation              Tloc           2%         N/A       19%         1
 Corona                   Hex            1%         N/A       19%         1
 Summon Small Mammal      Summ           4%         N/A       19%         1
 Animate Dead             Necr           17%        N/A       16%         4
 Agony                    Necr           34%        N/A       41%         5


Dungeon Overview and Level Annotations

Branches:
Dungeon (3/15)

Altars:

Shops:
D:1 ?

Annotations:
D:3 Sigmund


Innate Abilities, Weirdness & Mutations

Your mind is acute. (Int +2)
You do not regenerate when monsters are visible.
Your muscles are strong. (Str +2)
You expend magic power (3 MP) to strengthen your wands.


Message History

Aiming: Vampiric Draining (dangerous; 5% risk of failure)
Press: ? - help, Shift-Dir - straight line, f/p - Sigmund
Aim: Sigmund, wielding a +0 scythe and wearing a +2 robe of the Archmagi (moderately wounded)
You feel a surge of power!
You draw life force from Sigmund!
You feel life coursing into your body.
Sigmund points at you and mumbles some strange words.
You resist with some effort.
You hit Sigmund but do no damage.
Sigmund writhes in agony.
Sigmund is severely wounded.
Sigmund drinks a potion.
Sigmund is healed!
You hit Sigmund but do no damage.
Sigmund is heavily wounded.
Sigmund misses you. x2
You closely miss Sigmund.
Sigmund is moderately wounded.
Sigmund closely misses you.
You closely miss Sigmund.
Sigmund is moderately wounded.
Sigmund hits you with a +0 scythe!
You hit Sigmund but do no damage.
Sigmund is moderately wounded.
Sigmund closely misses you.
You barely miss Sigmund.
Sigmund is moderately wounded.
Sigmund misses you.
Casting: Vampiric Draining (dangerous; 5% risk of failure)
Confirm with . or Enter, or press ? or * to list all spells.
Aiming: Pain (safe; 1% risk of failure)
Press: ? - help, Shift-Dir - straight line, f/p - Sigmund
Aim: Sigmund, wielding a +0 scythe and wearing a +2 robe of the Archmagi (moderately wounded, chance to affect: 89%)
You feel a surge of power!
Sigmund writhes in agony.
Sigmund hits you with a +0 scythe!
* * * LOW HITPOINT WARNING * * *
It was a potion of mutation.
You feel extremely strange.
You feel stronger.
You feel your magical essence link to the dungeon's wands.
Your regeneration stops near monsters.
You feel clever. Sigmund gestures at you while chanting.
The puff of flame hits you!
You die...

### ### #.######.########
#...............#
#.#####..######@# #.# #..# #@#
#.# #..# #.# #.# #..#### #.# ##
#.# #..#.. ..# #. #.#
#..#.######### #.
#.#####..#.##......############.
#..........)..................'.
#.#####..#..#.####.############.


You could see Sigmund.

Vanquished Creatures
  2 adders
  4 gnolls (D:3)
  A worm (D:2)
  2 dart slugs (D:1)
  A bat (D:2)
  2 endoplasms
  3 giant cockroaches
  2 goblins
  A hobgoblin (D:3)
  6 jackals
  4 kobolds (D:2)
  A quokka (D:1)
  3 ball pythons
  3 frilled lizards
  6 rats
41 creatures vanquished.

Vanquished Creatures (others)
  10 demonic plants (D:2)
  4 fungi (D:2)
  6 withered plants (D:2)
20 creatures vanquished.

Grand Total: 61 creatures vanquished

Notes
Turn   | Place    | Note
-------+----------+-------------------------------------------
     0 | D:1      | Gwenloh the Hill Orc Necromancer began the quest for the
                  | Orb.
     0 | D:1      | Reached XP level 1. HP: 14/14 MP: 3/3
   339 | D:1      | Found Xofeaful's Magic Scroll Shop.
   399 | D:1      | Reached XP level 2. HP: 8/20 MP: 0/4
  1462 | D:2      | Reached XP level 3. HP: 22/26 MP: 1/5
  1648 | D:2      | Found a faded altar of an unknown god.
  1719 | D:2      | Reached skill level 5 in Necromancy
  1723 | D:2      | Learned a level 3 spell: Vampiric Draining
  2454 | D:3      | Reached XP level 4. HP: 30/33 MP: 2/6
  2837 | D:3      | Reached skill level 6 in Necromancy
  3285 | D:3      | Noticed Sigmund
  3298 | D:3      | Gained mutation: Your muscles are strong. (Str +2) [potion
                  | of mutation]
  3298 | D:3      | Gained mutation: You expend magic power (3 MP) to
                  | strengthen your wands. [potion of mutation]
  3298 | D:3      | Gained mutation: You do not regenerate when monsters are
                  | visible. [potion of mutation]
  3298 | D:3      | Gained mutation: Your mind is acute. (Int +2) [potion of
                  | mutation]
  3298 | D:3      | Killed from afar by Sigmund

Illustrated notes

Levels and vault maps discovered:
D:1:      dpeg_arrival_prison, layout_loops_ring, serial_shops,
          nicolae_shop_crystal, chequers_garden
D:2:      layout_rooms, shapermc_ecumenical_altar_gd
D:3:      layout_basic, uniq_sigmund

Skill      XL: |  1  2  3  4 |
---------------+-------------+-----
Necromancy     | 5 6 |  6.0
Dodging        | |  1.5
Stealth        | |  1.5
Spellcasting   | |  1.5

Action                   |  1- 3 |  4- 6 || total
-------------------------+-------+-------++-------
Melee: Staff             |    11 |     9 ||    20
Throw: Stone             |    16 |    10 ||    26
 Cast: Pain              |    53 |    21 ||    74
       Vampiric Draining |     1 |     1 ||     2
  Use: Potion            |       |     1 ||     1
Armor: Robe              |     1 |       ||     1
Dodge: Dodged            |    13 |     9 ||    22

Table legend: (Time is in decaauts)
 A = Elapsed time spent in this place.
 B = Non-inter-level travel time spent in this place.
 C = Inter-level travel time spent in this place.
 D = Time resting spent in this place.
 E = Time spent auto-exploring this place.
 F = Levels seen in this place.
 G = Mean time per level.
                   A        B        C        D        E       F      G
               +--------+--------+--------+--------+--------+-----+--------+
         Total |   3304 |   3192 |    112 |    276 |   2582 |   3 | 1101.3 |
       Dungeon |   3304 |   3192 |    112 |    276 |   2582 |   3 | 1101.3 |
               +--------+--------+--------+--------+--------+-----+--------+

Top non-repeatable levels by time:
     D:1: 1443 daAuts
     D:3: 1057 daAuts
     D:2: 803 daAuts
